AoeStats
← Barón de la Cerveza

Arabia

509221057Analyzed
1v1 RM · 7d ago on Sep 25, 2026· 42m 6s· 2 players
Game mode
Random Map
Map size
Tiny (2 player)
Population
200
Speed
Normal
Resources
Standard
Victory
Conquest
Starting age
Dark Age
Ending age
Imperial Age
RankedLock teamsTeams togetherTeam positionsShared explorationLock speedFull tech treeHidden civsTurbo modeCheats
Victory
Defeat
🇨🇳 Malians · China
1768
+21
🇲🇽 Armenians · Mexico
1875
-21
Swareee
6:45 Loom
8:59 Feudal Age
9:28 Double-Bit Axe
9:35 Man-at-Arms
16:24 Fletching
19:13 Forging
23:07 Castle Age
21:36 Scale Barding Armor
21:49 Gold Mining
23:08 Bloodlines
23:46 Bodkin Arrow
24:56 Bow Saw
25:28 Crossbowman
28:17 Wheelbarrow
28:58 Padded Archer Armor
37:10 Imperial Age
36:25 Ballistics
39:07 Chemistry
38:28 Chain Barding Armor
37:30 Cavalier
38:10 Husbandry
37:44 Cavalier
38:22 Town Watch
38:52 Hand Cart
41:31 Plate Barding Armor
43:03 Conscription
Barón de la Cerveza
6:30 Loom
9:32 Feudal Age
11:29 Man-at-Arms
14:26 Double-Bit Axe
16:22 Fletching
25:15 Castle Age
24:01 Horse Collar
25:53 Bodkin Arrow
25:19 Crossbowman
27:59 Bow Saw
34:34 Ballistics
39:11 Imperial Age
39:04 Wheelbarrow
38:52 Gold Mining
38:55 Stone Mining
39:33 Long Swordsman
39:58 Gambesons
40:14 Squires
39:54 Pikeman
41:13 Hand Cart
41:25 Bracer
41:25 Scale Mail Armor
Connection lost

Rejoining the realm…

Still unreachable

The connection could not be restored.

Session expired

The server has moved on; the page needs a fresh start.